Map: Lock & Load

Players

darkmatterdr

  • Race: Protoss Protoss
  • Spawn Location: 7:00

Smileblind

  • Race: Protoss Protoss
  • League: Silver
  • Spawn Location: 6:00

VOD

Have the link to the VOD?

Description

Time

  • Played on: Feb. 7, 2019, 11 a.m.
  • Length: 21:37
Show
View Real Time Build Order
Export as new Build Order

darkmatterdr Protoss 

Build Orders:  

Get SALT Encoding   

  12  0:25  Probe (Chrono Boost)  
  13  0:39  Probe (Chrono Boost)  
  13  0:42  Pylon  
  14  0:53  Probe (Chrono Boost)  
  15  1:07  Probe (Chrono Boost)  
  16  1:30  Gateway  
  16  1:31  Forge  
  16  1:38  Cybernetics Core  
  16  1:41  Twilight Council  
  16  1:45  Stargate  
  16  1:49  Stargate  
  16  1:53  Stargate  
  16  1:57  Stargate  
  16  2:11  Assimilator  
  16  2:13  Probe (Chrono Boost)  
  16  2:17  Assimilator  
  17  2:27  Probe (Chrono Boost)  
  18  2:37  Kaldalis' A.I. Personality  
  18  2:39  Legionnaire  
  21  2:41  Probe (Chrono Boost)  
  22  2:54  Probe (Chrono Boost)  
  23  3:08  Adept, Probe (Chrono Boost)  
  26  3:22  Probe (Chrono Boost)  
  27  3:36  Pylon, Probe (Chrono Boost)  
  28  3:49  Purifier Armaments, Probe (Chrono Boost)  
  29  4:03  Legionnaire, Probe (Chrono Boost)  
  33  4:33  Nexus, Legionnaire  
  33  4:39  Assimilator  
  36  4:45  Assimilator  
  36  5:19  Observation Protocol  
  36  5:24  Talis' A.I. Personality  
  36  6:19  A Strong Heart  
  36  6:29  Protoss Shields Level 1  
  36  6:32  Fleet Beacon  
  36  6:37  Stargate  
  36  6:41  Empowered Blades  
  36  6:49  Protoss Air Weapons Level 1  
  36  7:00  Pylon  
  36  7:02  Pylon  
  36  7:06  Pylon  
  36  7:10  Pylon  
  36  7:12  Probe (Chrono Boost)  
  37  7:26  Probe (Chrono Boost)  
  38  7:40  Probe (Chrono Boost)  
  38  7:41  Debilitation System  
  39  7:54  Probe (Chrono Boost)  
  40  8:07  Probe (Chrono Boost)  
  38  8:41  Psionic Projection  
  33  9:29  Protoss Air Armor Level 1  
  33  10:26  Probe (Chrono Boost)  
  34  10:40  Probe (Chrono Boost), Carrier x2  
  34  10:41  Carrier x3  
  65  10:50  Legionnaire  
  65  10:54  Probe (Chrono Boost)  
  65  10:57  Protoss Shields Level 2  
  69  11:08  Probe (Chrono Boost)  
  70  11:20  Legionnaire  
  70  11:21  Probe (Chrono Boost)  
  74  11:50  Legionnaire  
  77  12:09  Protoss Air Weapons Level 2  
  77  12:20  Legionnaire  
  80  12:40  Carrier x2  
  80  12:41  Scout x3  
  101  13:11  Carrier x3  
  116  14:40  Scout x2  
  116  16:42  Carrier  
  116  16:43  Carrier x2  
  134  16:53  Pylon  
  134  16:56  Pylon  
  134  16:59  Pylon  
  134  17:03  Pylon  
  134  17:11  Pylon  
  134  17:12  Pylon  
  134  17:18  Carrier  
  134  17:19  Pylon  
  140  17:21  Carrier  
  140  17:22  Pylon  
  140  17:27  Pylon  
  137  18:42  Carrier  
  137  18:43  Carrier x2  
  155  19:18  Carrier  
  161  19:21  Carrier  
Show
View Real Time Build Order
Export as new Build Order

Smileblind Protoss 

Build Orders:  

Get SALT Encoding   

  12  0:04  Probe (Chrono Boost)  
  13  0:18  Probe (Chrono Boost)  
  14  0:41  Pylon  
  14  0:52  Probe (Chrono Boost)  
  15  1:05  Pylon  
  15  1:06  Probe (Chrono Boost)  
  16  1:20  Probe (Chrono Boost)  
  17  1:34  Probe (Chrono Boost)  
  18  1:46  Gateway  
  18  1:48  Probe (Chrono Boost)  
  19  2:02  Probe (Chrono Boost)  
  20  2:12  Gateway  
  20  2:14  Gateway  
  20  2:22  Probe (Chrono Boost)  
  21  2:32  Assimilator  
  21  2:36  Probe (Chrono Boost)  
  22  2:40  Assimilator  
  22  2:47  Gateway  
  22  2:49  Probe (Chrono Boost)  
  22  2:55  Zealot  
  25  3:02  Pylon  
  25  3:03  Probe (Chrono Boost)  
  26  3:17  Probe (Chrono Boost)  
  27  3:23  Zealot x2  
  27  3:29  Zealot  
  33  3:31  Probe (Chrono Boost)  
  34  3:45  Probe (Chrono Boost)  
  34  3:48  Gateway  
  35  3:57  Forge  
  35  3:59  Probe (Chrono Boost)  
  36  4:05  Nexus  
  36  4:20  Gateway  
  36  4:29  Assimilator  
  36  4:33  Cybernetics Core  
  36  4:36  Pylon  
  36  4:41  Zealot  
  36  4:47  Protoss Ground Weapons Level 1  
  38  4:50  Pylon  
  38  4:53  Pylon  
  38  5:13  Pylon  
  38  5:16  Photon Cannon  
  38  5:18  Photon Cannon  
  38  5:25  Dragoon  
  40  5:37  Dragoon  
  42  6:12  Dragoon x3  
  42  6:13  Dragoon x2  
  42  6:18  Probe (Chrono Boost)  
  53  6:28  Probe (Chrono Boost)  
  54  6:32  Probe (Chrono Boost)  
  55  6:41  Assimilator  
  55  6:45  Probe x2 (Chrono Boost)  
  57  6:59  Dragoon x2  
  62  7:02  Probe (Chrono Boost)  
  62  7:03  Zealot  
  62  7:08  Pylon  
  64  7:11  Pylon  
  64  7:17  Protoss Ground Armor Level 1  
  62  7:35  Zealot  
  62  7:36  Zealot x3  
  48  7:50  Probe (Chrono Boost)  
  67  8:01  Photon Cannon  
  67  8:03  Photon Cannon x2, Probe (Chrono Boost)  
  68  8:12  Gateway  
  68  8:17  Probe (Chrono Boost)  
  68  8:19  Pylon  
  69  8:21  Zealot  
  69  8:22  Pylon  
  69  8:26  Dragoon  
  69  8:31  Probe (Chrono Boost)  
  69  8:33  Zealot  
  66  8:45  Probe (Chrono Boost)  
  47  9:13  Photon Cannon  
  47  9:15  Photon Cannon  
  47  9:17  Photon Cannon  
  41  9:43  Zealot x3  
  41  9:44  Zealot x5  
  41  9:45  Zealot x2  
  59  9:51  Dragoon  
  59  10:29  Dragoon x2  
  63  10:30  Dragoon x4  
  71  10:43  Stargate  
  71  10:44  Probe (Chrono Boost)  
  72  10:58  Probe (Chrono Boost)  
  73  11:12  Probe (Chrono Boost)  
  73  11:16  Twilight Council  
  74  11:22  Dragoon x3  
  74  11:23  Dragoon x2  
  74  11:26  Probe (Chrono Boost)  
  85  11:40  Dragoon x3, Probe (Chrono Boost)  
  85  11:41  Dragoon x2  
  96  11:50  Phoenix  
  96  11:56  Dragoon  
  100  12:25  Phoenix  
  100  12:32  Dragoon x4  
  100  12:33  Dragoon x2  
  70  12:57  Dragoon  
  70  12:58  Dragoon x3  
  52  13:22  Dragoon x4  
  52  13:23  Dragoon  
  52  13:28  Phoenix  
  62  14:03  Phoenix  
  62  14:05  Zealot x2  
  62  14:06  Zealot x4  
  62  14:07  Zealot  
  78  14:10  Protoss Ground Weapons Level 2  
  78  14:20  Dragoon  
  78  14:21  Dragoon  
  82  14:44  Templar Archives  
  82  14:50  Gateway  
  82  14:52  Dragoon  
  82  14:53  Dragoon x3  
  82  14:59  Zealot  
  92  15:00  Zealot  
  92  15:09  Probe (Chrono Boost)  
  95  15:17  Zealot  
  97  15:22  Probe (Chrono Boost)  
  98  15:31  Zealot x3  
  98  15:36  Probe (Chrono Boost)  
  103  15:50  Probe (Chrono Boost)  
  102  16:18  Phoenix  
  104  16:26  High Templar x5, Psionic Storm  
  104  16:27  High Templar x2  
  118  16:45  Protoss Ground Armor Level 2  
  118  17:09  Pylon  
  118  17:12  Pylon  
  118  17:15  Pylon  
  118  17:18  Pylon  
  118  17:34  Phoenix  
  120  18:06  Archon x2  
  120  18:07  Archon  
  120  18:09  Phoenix  
  120  18:18  High Templar x5  
  120  18:19  High Templar x2  
  132  18:20  Zealot x2  
  132  18:21  Zealot x3  
  142  18:44  Phoenix  
  142  18:46  Zealot x3  
  150  19:28  Phoenix  
  144  19:43  Dragoon x3  
  150  19:54  Pylon  
  150  19:56  Pylon  
  150  19:59  Pylon  
  150  20:01  Pylon  
  150  20:03  Pylon  
  150  20:23  Zealot x4  
  150  20:24  Zealot x2  
Tags
 
Commander
ArtanisFenix
League
Silver
Matchup
Co-op
Add a new tag
Caveats
  • Supply blocks, unpowered buildings, or Contaminate may cause inaccurate times.
  • Supply counts are checked every 10 seconds.